 Dungeon Crawl Stone Soup version 0.32-a0-886-g41c5271027 (webtiles) character file.

Game seed: 7965588164056803487

2858 Biggs the Skirmisher (level 9, -5/74 HPs)
             Began as a Coglin Hunter on Apr 2, 2024.
             Was a Priest of Okawaru.
             Slain by Erica
             ... wielding a +2 scimitar of flaming
              (18 damage)
             ... on level 8 of the Dungeon.
             The game lasted 00:11:31 (5894 turns).

Biggs the Skirmisher (Coglin Hunter)                Turns: 5894, Time: 00:11:31

Health: -5/74      AC:  6    Str: 12    XL:     9   Next: 75%
Magic:  9/9        EV:  4    Int:  9    God:    Okawaru [***...]
Gold:   1405       SH:  0    Dex: 21    Spells: 8/8 levels left

rFire   . . .        a - +3 sling {Cihuaton}
rCold   . . .        e - +6 sling (freeze) {Wilfreda}
rNeg    . . .        c - +0 leather armour
rPois   .            (no helmet)
rElec   .            f - +0 cloak
rCorr   .            (no gloves)
SInv    .            v - +1 pair of boots
Will    .....        (amulet unavailable)
Stlth   ++           (ring unavailable)
HPRegen 0.32/turn    (ring unavailable)
MPRegen 0.11/turn    (no gizmo)

%: no passive effects
@: constricted, studying 2 skills, revving
A: off-hand wielding, slow wielding, warmup strikes, no jewellery
a: Invent Gizmo, Renounce Religion, Heroism


You were on level 8 of the Dungeon.
You worshipped Okawaru.
Okawaru was most pleased with you.
You visited 2 branches of the dungeon, and saw 9 of its levels.

You collected 1526 gold pieces.
You spent 121 gold pieces at shops.

Inventory:

Hand Weapons
 a - a +3 sling (weapon) {Cihuaton}
 e - a +6 sling of freezing (offhand) {Wilfreda}
Missiles
 t - 4 throwing nets
Armour
 c - a +0 leather armour (worn)
 f - a +0 cloak (worn)
 v - a +1 pair of boots (worn)
 w - a +1 robe of fire resistance
Wands
 A - a wand of flame (17)
Scrolls
 b - a scroll of butterflies
 d - 2 scrolls of identify
 k - a scroll of poison {unknown}
 l - 4 scrolls of teleportation
 o - a scroll of amnesia {unknown}
 q - a scroll of torment {unknown}
 s - 2 scrolls of revelation {unknown}
 y - a scroll of fog {unknown}
 B - a scroll of blinking {unknown}
Potions
 g - 2 potions of heal wounds
 h - 3 potions of attraction {unknown}
 j - 3 potions of brilliance {unknown}
 m - 2 potions of enlightenment {unknown}
 n - 2 potions of degeneration {unknown}
 r - 2 potions of might {unknown}
 u - a potion of mutation {unknown}
 x - a potion of curing
 z - 2 potions of lignification {unknown}


   Skills:
 - Level 8.0 Fighting
 + Level 11.4 Ranged Weapons
 - Level 5.4 Dodging
 - Level 0.7 Stealth


You had 8 spell levels left.
You didn't know any spells.
Your spell library contained the following spells:

 Spells                   Type           Power      Damage    Failure   Level
 Sublimation of Blood     Necr           0%         N/A       61%         2
 Passwall                 Erth           0%         N/A       83%         3
 Volatile Blastmotes      Fire/Tloc      0%         2d10      83%         3
 Vhi's Electric Charge    Tloc/Air       0%         N/A       99%         4
 Borgnjor's Vile Clutch   Necr/Erth      0%         N/A       100%        5
 Bombard                  Conj/Erth      0%         9d1       100%        6
 Call Imp                 Summ           Unusable   N/A       N/A         2
 Death Channel            Necr           Unusable   N/A       N/A         6
 Summon Hydra             Summ           Unusable   N/A       N/A         7

Dungeon Overview and Level Annotations

Branches:
Dungeon (8/15)             Temple (1/1) D:4
   Lair: D:8-11

Altars:
Ashenzari
Cheibriados
Dithmenos
Elyvilon
Fedhas
Gozag
Hepliaklqana
Makhleb
Nemelex Xobeh
Okawaru
Qazlal
Ru
Sif Muna
Trog
Uskayaw
Vehumet
Wu Jian
Xom
Yredelemnul
Zin
The Shining One

Shops:
D:5 !

Annotations:
D:8 Erica


Innate Abilities, Weirdness & Mutations

You can wield a second weapon in your off-hand.
It takes a long time for you to wield or remove held weapons.
Your first few attacks do less damage.
You cannot equip rings or amulets.


Message History

The two-headed ogre hits you but does no damage.
The two-headed ogre hits you with a +0 giant spiked club.
You shoot a sling bullet.
The sling bullet hits the two-headed ogre but does no damage.
The two-headed ogre is severely wounded.
You shoot a sling bullet.
The sling bullet hits the two-headed ogre but does no damage.
The two-headed ogre is severely wounded.
The two-headed ogre barely misses you.
The two-headed ogre hits you with a +0 giant spiked club!
You shoot a sling bullet.
The sling bullet hits the two-headed ogre.
The two-headed ogre is almost dead.
You shoot a sling bullet.
The sling bullet hits the two-headed ogre!
The sling bullet freezes the two-headed ogre.
You kill the two-headed ogre!
Okawaru is honoured by your kill.
Training target 8.0 for Fighting reached!
Your Fighting skill gained 2 levels and is now at level 8!
You need to enable at least one skill for training.
Your Ranged Weapons skill increases to level 11!
You shoot a sling bullet. x2; Something hits you.
Something burns you.
You shoot a sling bullet. x2; Something hits you but does no damage.
You shoot a sling bullet. x2
You shoot a sling bullet. x2; Something hits you but does no damage.
Something barely misses you.
You shoot a sling bullet. x2; Something hits you!
Something burns you. Something grabs you.
You are constricted.
You shoot a sling bullet. x2; Something hits you!
Something burns you.
You are constricted.
* * * LOW HITPOINT WARNING * * *
You shoot a sling bullet. x2; Something hits you.
* * * LOW HITPOINT WARNING * * *
Something burns you.
* * * LOW HITPOINT WARNING * * *
You are constricted.
* * * LOW HITPOINT WARNING * * *
You shoot a sling bullet. x2; Something hits you!!
You die...

#...##.# # #.
###.##.##### .
#.##...... .##
#.#######. ..# #.#
#. #.# #.#######.
#.# #......... #)#
#######... #@#
#.#.
#.#############.#.
#.#...........#.#.
#.#.#########.#.#.
#.#.# #.#.#. #.#.#
#####.#.#. #.#.##
#.....).#
#....####.###.###
#.........# #)#


There were no monsters in sight!

Vanquished Creatures
  A two-headed ogre (D:8)
  A steam dragon (D:7)
  A swamp worm (D:7)
  A black bear (D:6)
  2 ogres (D:5)
  A phantom (D:5)
  4 kobold brigands
  5 bullfrogs
  4 scorpions
  A gnoll sergeant (D:7)
  A howler monkey (D:4)
  2 hounds
  An orc priest (D:3)
  2 jellies
  A gnoll bouda (D:7)
  5 iguanas
  2 orc wizards
  16 gnolls
  13 adders
  A shadow imp (D:7)
  A white imp (D:7)
  4 ufetubi (D:7)
  2 dart slugs
  A ribbon worm (D:2)
  15 orcs
  9 ball pythons
  6 endoplasms
  2 giant cockroaches
  5 goblins
  5 hobgoblins
  5 jackals
  20 kobolds
  A quokka (D:4)
  9 bats
  4 frilled lizards
  4 rats
158 creatures vanquished.

Notes
Turn   | Place    | Note
-------+----------+-------------------------------------------
     0 | D:1      | Biggs the Coglin Hunter began the quest for the Orb.
     0 | D:1      | Reached XP level 1. HP: 16/16 MP: 1/1
   229 | D:1      | Found a faded altar of an unknown god.
   237 | D:1      | Reached skill level 4 in Ranged Weapons
   237 | D:1      | Reached XP level 2. HP: 18/22 MP: 2/2
   799 | D:2      | Reached XP level 3. HP: 27/27 MP: 3/3
   830 | D:2      | Identified the orb of the Oni {mayhem, Dex+2}
   980 | D:2      | Reached skill level 5 in Ranged Weapons
   980 | D:2      | Reached XP level 4. HP: 33/33 MP: 4/4
  1508 | D:3      | Reached XP level 5. HP: 6/38 MP: 5/5
  1653 | D:3      | Found a glowing silver altar of Zin.
  1655 | D:3      | Found a broken altar of Ashenzari.
  2031 | D:4      | Reached skill level 6 in Ranged Weapons
  2038 | D:4      | HP: 1/38 [iguana (8)]
  2140 | D:4      | Reached XP level 6. HP: 44/44 MP: 6/6
  2360 | D:4      | Found a shimmering blue altar of Sif Muna.
  2438 | D:4      | Found a staircase to the Ecumenical Temple.
  2466 | Temple   | Entered the Ecumenical Temple
  2640 | D:5      | Entered Level 5 of the Dungeon
  2777 | D:5      | Reached skill level 7 in Ranged Weapons
  2857 | D:5      | Reached XP level 7. HP: 42/50 MP: 7/7
  2902 | D:5      | Found a white marble altar of Elyvilon.
  2902 | D:5      | Found an iron altar of Okawaru.
  2942 | D:5      | Became a worshipper of Warmaster Okawaru
  3160 | D:5      | Reached skill level 8 in Ranged Weapons
  3323 | D:5      | Found Qov Oske's Distillery.
  3332 | D:5      | Bought a potion of heal wounds for 55 gold pieces
  3332 | D:5      | Bought a potion of curing for 33 gold pieces
  3332 | D:5      | Bought a potion of curing for 33 gold pieces
  3518 | D:6      | Reached * piety under Okawaru
  3519 | D:6      | Reached XP level 8. HP: 50/56 MP: 8/8
  3561 | D:6      | Reached skill level 9 in Ranged Weapons
  3903 | D:6      | Got the Omnibus of Last Rites
  3999 | D:6      | Found a stormy altar of Qazlal.
  4139 | D:7      | Found a sacrificial altar of Ru.
  4211 | D:7      | Reached skill level 5 in Dodging
  4219 | D:7      | Reached ** piety under Okawaru
  4376 | D:7      | Identified 3 scrolls of acquirement
  4397 | D:7      | Acquired a manual of Fighting
  4399 | D:7      | Acquired a +2 sling of freezing
  4411 | D:7      | Acquired a manual of Ranged Weapons
  4457 | D:7      | Acquired 1139 gold pieces
  4539 | D:7      | Reached XP level 9. HP: 61/61 MP: 9/9
  4548 | D:7      | Reached skill level 10 in Ranged Weapons
  4616 | D:7      | Found a blossoming altar of Fedhas.
  4709 | D:7      | Found a radiant altar of Vehumet.
  5337 | D:7      | Reached skill level 5 in Fighting
  5876 | D:8      | Noticed a two-headed ogre
  5878 | D:8      | Noticed Erica
  5886 | D:8      | Killed a two-headed ogre
  5886 | D:8      | Reached *** piety under Okawaru
  5887 | D:8      | Reached skill level 11 in Ranged Weapons
  5894 | D:8      | Slain by Erica

Illustrated notes

Levels and vault maps discovered:
D:1:      nicolae_arrival_somewhat_less_tricky_arrival, layout_loops_cross,
          basic_ecumenical_altar, serial_glass, glass_columns_a,
          glass_columns_a, dk_noncrumbling_3, amethyst_killhole
D:2:      layout_rooms, minmay_tetromino_s2
D:3:      layout_basic, mainiacjoe_overflow_catwalk_spiral
D:4:      cheibrodos_old_hovel, layout_loops_ring,
          nicolae_sif_muna_little_library, minmay_temple_entry_enclosed_plants
D:5:      layout_rooms, nicolae_overflow_two_pavilions, serial_shops,
          nicolae_shop_tiny_waterfront, serial_bayou_lagoon_b
D:6:      layout_rooms, nicolae_qazlal_eye_of_the_storm, minmay_misc_feat_five,
          minmay_misc_feat_rows, dk_vineyard_3
D:7:      old_forge, layout_layer_cave, nicolae_vehumet_radiance,
          nicolae_ru_path_of_blood, fedhas_altar_2, worms_lemuel
D:8:      layout_loops_ring, gammafunk_ghost_necromancy, uniq_erica, uniq_joseph
Temple:   hellmonk_temple_two_chambers

Skill      XL: |  1  2  3  4  5  6  7  8  9 |
---------------+----------------------------+-----
Ranged Weapons | 4 5 6 7 8 9 11 | 11.4
Dodging        | 5 |  5.4
Fighting       | 8 |  8.0
Stealth        | |  0.7

Action                     |  1- 3 |  4- 6 |  7- 9 || total
---------------------------+-------+-------+-------++-------
   Fire: Sling             |   124 |   258 |   516 ||   898
    Use: Potion            |       |     1 |     2 ||     3
         Scroll            |       |       |    14 ||    14
 Armour: Leather armour    |     7 |    34 |    80 ||   121
  Dodge: Dodged            |     2 |    33 |    77 ||   112

Table legend: (Time is in decaauts)
 A = Elapsed time spent in this place.
 B = Non-inter-level travel time spent in this place.
 C = Inter-level travel time spent in this place.
 D = Time resting spent in this place.
 E = Time spent auto-exploring this place.
 F = Levels seen in this place.
 G = Mean time per level.
                   A        B        C        D        E       F      G
               +--------+--------+--------+--------+--------+-----+--------+
         Total |   5960 |   5685 |    275 |      0 |   4860 |   9 |  662.2 |
       Dungeon |   5958 |   5683 |    275 |      0 |   4860 |   8 |  744.8 |
        Temple |      1 |      1 |      0 |      0 |      0 |   1 |    1.0 |
               +--------+--------+--------+--------+--------+-----+--------+

Top non-repeatable levels by time:
     D:7: 1718 daAuts
     D:5: 849 daAuts
     D:3: 825 daAuts
     D:1: 719 daAuts
     D:4: 665 daAuts
     D:6: 607 daAuts
     D:2: 455 daAuts
     D:8: 118 daAuts
  Temple: 1 daAuts
